 Dungeon Crawl Stone Soup version 0.30.1-3-gfc49f6343a (webtiles) character file.

Game seed: 2952253001496776095

17 cowcol the Covered (level 2, 0/27 HPs)
             Began as a Minotaur Fighter on Aug 4, 2023.
             Killed by nerve-wracking pain
             ... invoked by Jessica
              (9 damage)
             ... on level 2 of the Dungeon.
             The game lasted 00:03:58 (725 turns).

cowcol the Covered (Minotaur Fighter)                Turns: 725, Time: 00:03:58

Health: 0/27       AC:  7    Str: 20    XL:     2   Next: 44%
Magic:  1/1        EV:  9    Int:  5    God:
Gold:   66         SH:  4    Dex:  9    Spells: 1/1 levels left

rFire   . . .        a - +1 war axe
rCold   . . .        c - +0 buckler
rNeg    . . .        b - +0 scale mail
rPois   .            (helmet restricted)
rElec   .            (no cloak)
rCorr   .            (no gloves)
SInv    .            (no boots)
Will    .....        (no amulet) Stlth
                     (no ring)
HPRegen 0.24/turn    (no ring)
MPRegen 0.07/turn

%: no passive effects
@: no status effects
A: horns 2, retaliatory headbutt
a: no special abilities


You were on level 2 of the Dungeon.
You visited 1 branch of the dungeon, and saw 2 of its levels.

You collected 66 gold pieces.

Inventory:

Hand Weapons
 a - a +1 war axe (weapon)
Missiles
 h - 4 boomerangs (quivered)
Armour
 b - a +0 scale mail (worn)
 c - a +0 buckler (worn)
Jewellery
 f - a ring of positive energy
Scrolls
 g - a scroll of fear {unknown}
 j - 2 scrolls of enchant weapon
 k - a scroll of identify {unknown}
Potions
 d - a potion of might
 e - a potion of haste {unknown}
 i - a potion of curing {unknown}


   Skills:
 + Level 4.0 Fighting
 * Level 3.0 Axes
 + Level 4.0 Armour
 - Level 3.6 Shields


You had one spell level left.
You didn't know any spells.
Your spell library was empty.

Dungeon Overview and Level Annotations

Branches:
Dungeon (2/15)

Altars:

Annotations:
D:2 Jessica


Innate Abilities, Weirdness & Mutations

You have a pair of horns on your head.
You reflexively headbutt those who attack you in melee.


Message History

The hobgoblin shouts!
You hit the hobgoblin.
The hobgoblin is severely wounded.
You block the hobgoblin's attack.
You closely miss the hobgoblin. Your headbutt misses the hobgoblin.
The hobgoblin is severely wounded.
The hobgoblin hits you but does no damage.
You slash the hobgoblin!
You kill the hobgoblin!
You see here a hobgoblin corpse.
i - a lumpy orange potion
k - a scroll labelled GIYFOI MAYDO A sourceless malevolence fills the Dungeon... and a teleportation trap spontaneously manifests!
You are yanked towards a nearby monster!
Your surroundings suddenly seem different.
Jessica the Apprentice Sorceress comes into view.
She is wielding a +0 dagger.
Found a book of Geomancy and a scroll labelled XIRGHEILU ZENG.
Jessica drinks a potion.
Jessica's spells are empowered!
Jessica gestures at you while chanting. Pain shoots through your body!
Jessica gestures wildly while chanting.
Jessica seems to speed up.
You barely miss Jessica. You headbutt Jessica, but do no damage.
Jessica mumbles something strange.
Jessica hits you with a +0 dagger.
Jessica points at you and mumbles some strange words.
Pain shoots through your body!
* * * LOW HITPOINT WARNING * * *
You closely miss Jessica. Your headbutt misses Jessica.
Jessica closely misses you. Jessica hits you but does no damage.
You hit Jessica. Your headbutt misses Jessica.
Jessica is moderately wounded.
Jessica misses you. Jessica casts a spell at you.
You barely resist. You hit Jessica. Your headbutt misses Jessica.
Jessica is moderately wounded.
Jessica gestures at you while chanting. Pain shoots through your body!
You die...

. .# .#.#
...# ##..#
#+##?..#
##.#...:#
#.......#
##......#
#...@...#
#...@....#
...........#
.#########.#
... .##. ..
.


You could see Jessica (fast, empowered).

Vanquished Creatures
  A bat (D:1)
  An endoplasm (D:1)
  3 giant cockroaches (D:1)
  2 goblins (D:1)
  A hobgoblin (D:2)
  2 quokkas (D:1)
  2 ball pythons (D:1)
  2 frilled lizards (D:1)
  A rat (D:1)
15 creatures vanquished.

Notes
Turn   | Place    | Note
-------+----------+-------------------------------------------
     0 | D:1      | cowcol the Minotaur Fighter began the quest for the Orb.
     0 | D:1      | Reached XP level 1. HP: 19/19 MP: 0/0
   173 | D:1      | Reached XP level 2. HP: 26/27 MP: 1/1
   716 | D:2      | Noticed Jessica
   725 | D:2      | Killed from afar by Jessica

Illustrated notes

Levels and vault maps discovered:
D:1:      evilmike_arrival_fibonacci_small, layout_loops_ring, dk_noncrumbling_3
D:2:      layout_basic, minmay_fractal_squares_gapless_5, uniq_jessica,
          uniq_crazy_yiuf_cottage

Skill      XL: |  1  2 |
---------------+-------+-----
Armour         | 4 |  4.0
Fighting       | 4 |  4.0
Axes           | 3 |  3.0
Shields        | |  3.6

Action                     || total
---------------------------++-------
  Melee: War axe           ||    36
         Headbutt          ||     2
    Use: Scroll            ||     2
 Armour: Scale mail        ||    14
  Dodge: Dodged            ||    21
  Block: Buckler           ||     4
